APP
SEATTLE (APP) MARINERS @ BURLINGTON ROYALS
09/27/2044
 
TOP OF THE 1ST
Seattle (APP) Mariners batting - Pitching for Burlington Royals : RHP Matt Slater
Pitching: RHP Matt Slater
Batting: SHB Tony Morales 0-0: Called Strike
0-1: Ball
1-1: Swinging Strike
1-2: Ground out 3-1 (Groundball, 34, EV 82.5 MPH)
Batting: RHB Mike Conaway 0-0: Ball
1-0: Called Strike
1-1: Foul Ball, location: 2F
1-2: Ball
2-2: Reached on error, E6 (Groundball, 6, EV 80.0 MPH)
Batting: LHB Omar Colunga 0-0: Ball
Mike Conaway is caught stealing 2nd base 2-6
1-0: SINGLE (Groundball, 34D, EV 99.4 MPH)
Batting: RHB Chris Olheiser 0-0: Foul Ball, location: 2F
0-1: DOUBLE (Groundball, 3L, EV 103.1 MPH)
Omar Colunga to third
Batting: RHB Ivan Davila 0-0: Ball
1-0: Ball
2-0: Ball
3-0: Called Strike
3-1: Base on Balls
Batting: LHB Chang Huie 0-0: Ball
1-0: Fly out, F8 (Flyball, 8LD, EV 105.6 MPH)
Top of the 1st over - 0 runs, 2 hits, 1 error, 3 left on base; Seattle (APP) 0 - Burlington 0
BOTTOM OF THE 1ST
Burlington Royals batting - Pitching for Seattle (APP) Mariners : LHP Aidan Smith
Pitching: LHP Aidan Smith
Batting: RHB Tim Persson 0-0: Called Strike
0-1: Swinging Strike
0-2: Ball
1-2: Ball
2-2: Foul Ball, location: 2F
2-2: Strikes out swinging
Batting: LHB Ernesto Abreu 0-0: Ball
1-0: Foul Ball, location: 2F
1-1: Called Strike
1-2: Ball
2-2: Strikes out swinging
Batting: SHB Manny Berrones 0-0: Fly out, F8 (Line Drive, 8RD, EV 100.0 MPH)
Bottom of the 1st over - 0 runs, 0 hits, 0 errors, 0 left on base; Seattle (APP) 0 - Burlington 0
TOP OF THE 2ND
Seattle (APP) Mariners batting - Pitching for Burlington Royals : RHP Matt Slater
Batting: RHB Tze-meng Li 0-0: Ball
1-0: Ball
2-0: Ball
3-0: Base on Balls
Batting: RHB John Vasquez 0-0: Called Strike
0-1: Called Strike
0-2: Ball
1-2: Foul Ball, location: 2F
1-2: Ball
2-2: Foul Ball, location: 2F
2-2: Foul Ball, location: 2F
2-2: Fly out, F1 (Line Drive, P, EV 74.4 MPH)
Batting: RHB Omar Solis 0-0: Ball
1-0: Fly out, F4 (Popup, 3D, EV 57.5 MPH)
Batting: SHB Tony Morales 0-0: Called Strike
0-1: Ball
Tze-meng Li steals 2nd, throwing error, E2
Tze-meng Li to third
1-1: Foul Ball, location: 2F
1-2: Fly out, F8 (Flyball, 8LM, EV 88.8 MPH)
Top of the 2nd over - 0 runs, 0 hits, 1 error, 1 left on base; Seattle (APP) 0 - Burlington 0
BOTTOM OF THE 2ND
Burlington Royals batting - Pitching for Seattle (APP) Mariners : LHP Aidan Smith
Batting: SHB Danny Ballenger 0-0: Swinging Strike
0-1: Ball
1-1: Ball
2-1: Foul Ball, location: 2F
2-2: Foul Ball, location: 2F
2-2: Strikes out looking
Batting: LHB Bobby Gonzalez 0-0: Foul Ball, location: 2F
0-1: Ball
1-1: Foul Ball, location: 2F
1-2: SINGLE (Groundball, 34, EV 95.0 MPH)
Batting: RHB Rob Ward 0-0: Called Strike
0-1: Ball
Wild Pitch!
Bobby Gonzalez to second
1-1: Foul Ball, location: 2F
1-2: Strikes out swinging
Batting: SHB Marcos Cortez 0-0: Swinging Strike
0-1: Swinging Strike
0-2: Ball
1-2: Foul Ball, location: 2F
1-2: Ball
2-2: Strikes out swinging
Bottom of the 2nd over - 0 runs, 1 hit, 0 errors, 1 left on base; Seattle (APP) 0 - Burlington 0
TOP OF THE 3RD
Seattle (APP) Mariners batting - Pitching for Burlington Royals : RHP Matt Slater
Batting: RHB Mike Conaway 0-0: Ball
1-0: Ball
2-0: Ball
3-0: Swinging Strike
3-1: Foul Ball, location: 2F
3-2: SINGLE (Groundball, 56D, EV 102.5 MPH)
Batting: LHB Omar Colunga 0-0: Ball
1-0: Fielders Choice at 2nd, 3-6 (Groundball, 3, EV 97.5 MPH)
Batting: RHB Chris Olheiser 0-0: Fly out, F3 (Popup, 23F, EV 88.8 MPH)
Batting: RHB Ivan Davila 0-0: Ball
1-0: Ball
2-0: Swinging Strike
2-1: Fly out, F6 (Flyball, 56D, EV 85.6 MPH)
Top of the 3rd over - 0 runs, 1 hit, 0 errors, 1 left on base; Seattle (APP) 0 - Burlington 0
BOTTOM OF THE 3RD
Burlington Royals batting - Pitching for Seattle (APP) Mariners : LHP Aidan Smith
Batting: RHB Shane Bruce 0-0: Swinging Strike
0-1: Swinging Strike
0-2: Ball
1-2: Ball
2-2: Foul Ball, location: 2F
2-2: Strikes out swinging
Batting: RHB Matthew Orphan 0-0: Called Strike
0-1: Ball
1-1: Called Strike
1-2: Ball
2-2: Foul Ball, location: 2F
2-2: Foul Ball, location: 2F
2-2: Fly out, F8 (Flyball, 8RXD, EV 96.2 MPH)
Batting: RHB Tim Persson 0-0: Foul Ball, location: 2F
0-1: Ball
1-1: Foul Ball, location: 2F
1-2: Foul Ball, location: 2F
1-2: Ball
2-2: Fly out, F9 (Flyball, 9LS, EV 82.5 MPH)
Bottom of the 3rd over - 0 runs, 0 hits, 0 errors, 0 left on base; Seattle (APP) 0 - Burlington 0
TOP OF THE 4TH
Seattle (APP) Mariners batting - Pitching for Burlington Royals : RHP Matt Slater
Batting: LHB Chang Huie 0-0: Ball
1-0: Ball
2-0: Ground out 4-3 (Groundball, 4, EV 83.8 MPH)
Batting: RHB Tze-meng Li 0-0: Ball
1-0: SINGLE (Line Drive, 78M, EV 93.1 MPH)
Batting: RHB John Vasquez 0-0: Ball
1-0: Called Strike
1-1: Called Strike
1-2: Strikes out swinging
Batting: RHB Omar Solis 0-0: Ball
1-0: Ball
2-0: Called Strike
2-1: Called Strike
Tze-meng Li is caught stealing 2nd base 2-4
Top of the 4th over - 0 runs, 1 hit, 0 errors, 0 left on base; Seattle (APP) 0 - Burlington 0
BOTTOM OF THE 4TH
Burlington Royals batting - Pitching for Seattle (APP) Mariners : LHP Aidan Smith
Batting: LHB Ernesto Abreu 0-0: SINGLE (Groundball, 56D, EV 104.4 MPH)
Batting: SHB Manny Berrones 0-0: Called Strike
0-1: Ball
1-1: Ball
2-1: Ball
3-1: Called Strike
3-2: SINGLE (Groundball, 6MD, EV 105.0 MPH)
Ernesto Abreu to second
Runner from 2nd tries for 3rd, SAFE, throw by CF made to third
Batting: SHB Danny Ballenger 0-0: Ball
1-0: Foul Ball, location: 2F
1-1: Called Strike
1-2: Strikes out swinging
Batting: LHB Bobby Gonzalez 0-0: Ball
1-0: Called Strike
1-1: Fly out, F9 (Flyball, 9S, EV 95.6 MPH)
Batting: RHB Rob Ward 0-0: Swinging Strike
0-1: Ball
1-1: Swinging Strike
1-2: Ball
2-2: Ball
3-2: Ground out 5-3 (Groundball, 5D, EV 84.4 MPH)
Bottom of the 4th over - 0 runs, 2 hits, 0 errors, 2 left on base; Seattle (APP) 0 - Burlington 0
TOP OF THE 5TH
Seattle (APP) Mariners batting - Pitching for Burlington Royals : RHP Matt Slater
Batting: RHB Omar Solis 0-0: Ball
1-0: Ground out 6-3 (Groundball, 6, EV 103.1 MPH)
Batting: SHB Tony Morales 0-0: Called Strike
0-1: SINGLE (Groundball, 6M, EV 104.4 MPH) (infield hit)
Batting: RHB Mike Conaway 0-0: Called Strike
Tony Morales steals 2nd base
0-1: Ball
Tony Morales steals 3rd base
1-1: Foul Ball, location: 2F
1-2: Ball
2-2: Foul Ball, location: 2F
2-2: Ball
3-2: Foul Ball, location: 2F
3-2: Foul Ball, location: 2F
3-2: Foul Ball, location: 2F
3-2: Ground out 6-3 (Groundball, 6M, EV 82.5 MPH)
Tony Morales scores
Batting: LHB Omar Colunga 0-0: SINGLE (Line Drive, 56, EV 100.0 MPH)
Batting: RHB Chris Olheiser 0-0: Ball
1-0: Called Strike
Omar Colunga steals 2nd base
1-1: Ball
2-1: Fly out, F9 (Flyball, 9D, EV 101.9 MPH)
Top of the 5th over - 1 run, 2 hits, 0 errors, 1 left on base; Seattle (APP) 1 - Burlington 0
BOTTOM OF THE 5TH
Burlington Royals batting - Pitching for Seattle (APP) Mariners : LHP Aidan Smith
Batting: SHB Marcos Cortez 0-0: Ball
1-0: Ground out 5-3 (Groundball, 56, EV 88.8 MPH)
Batting: RHB Shane Bruce 0-0: Ball
1-0: Ball
2-0: Ball
3-0: Base on Balls
Pitching: LHP Mitch Lewis
Batting: RHB Matthew Orphan 0-0: Bunted foul
0-1: Sac Bunt to 23 - play at first, batter OUT! 3-4
Shane Bruce to second
Batting: RHB Tim Persson 0-0: Swinging Strike
0-1: SINGLE (Flyball, 3D, EV 96.2 MPH)
Shane Bruce to third
Batting: LHB Ernesto Abreu 0-0: Foul Ball, location: 2F
0-1: Ball
1-1: Swinging Strike
1-2: Ball
2-2: Strikes out swinging
Bottom of the 5th over - 0 runs, 1 hit, 0 errors, 2 left on base; Seattle (APP) 1 - Burlington 0
TOP OF THE 6TH
Seattle (APP) Mariners batting - Pitching for Burlington Royals : RHP Matt Slater
Batting: RHB Ivan Davila 0-0: Called Strike
0-1: Ground out 6-3 (Groundball, 56, EV 83.8 MPH)
Batting: LHB Chang Huie 0-0: Called Strike
0-1: Ground out 6-3 (Groundball, 6M, EV 86.2 MPH)
Batting: RHB Tze-meng Li 0-0: Ball
1-0: Fly out, F9 (Flyball, 9, EV 88.1 MPH)
Top of the 6th over - 0 runs, 0 hits, 0 errors, 0 left on base; Seattle (APP) 1 - Burlington 0
BOTTOM OF THE 6TH
Burlington Royals batting - Pitching for Seattle (APP) Mariners : LHP Mitch Lewis
Batting: SHB Manny Berrones 0-0: Called Strike
0-1: Ball
1-1: Called Strike
1-2: Strikes out swinging
Batting: SHB Danny Ballenger 0-0: Ground out 4-3 (Groundball, 34D, EV 103.8 MPH)
Batting: LHB Bobby Gonzalez 0-0: Ball
1-0: Ground out 4-3 (Groundball, 4, EV 90.6 MPH)
Bottom of the 6th over - 0 runs, 0 hits, 0 errors, 0 left on base; Seattle (APP) 1 - Burlington 0
TOP OF THE 7TH
Seattle (APP) Mariners batting - Pitching for Burlington Royals : RHP Matt Slater
Batting: RHB John Vasquez 0-0: SOLO HOME RUN (Flyball, 7D, EV 95.0 MPH), Distance : 367 ft
Batting: RHB Omar Solis 0-0: Ball
1-0: Ball
2-0: Ball
3-0: Called Strike
3-1: Swinging Strike
3-2: Reached on error, E5 (Groundball, 5S, EV 80.6 MPH)
Pitching: RHP Angel Castorena
Batting: SHB Tony Morales 0-0: Ball
1-0: Ball
2-0: Ball
Wild Pitch!
Omar Solis to third
3-0: Called Strike
3-1: SINGLE (Groundball, 34D, EV 98.8 MPH)
Omar Solis scores
Batting: RHB Mike Conaway 0-0: Ball
1-0: Bunted foul
1-1: Ball
2-1: Ball
3-1: Bunt missed!
3-2: SINGLE (Line Drive, 89S, EV 104.4 MPH)
Tony Morales to second
Batting: LHB Omar Colunga 0-0: Ball
Tony Morales steals 3rd base
Mike Conaway to second
1-0: Intentional Walk
Batting: RHB Chris Olheiser 0-0: Ball
1-0: Ball
2-0: SINGLE (Groundball, 6MD, EV 104.4 MPH)
Tony Morales scores
Mike Conaway to third
Omar Colunga to second
Batting: RHB Ivan Davila 0-0: Foul Ball, location: 2F
0-1: SINGLE (Line Drive, 56D, EV 109.4 MPH)
Mike Conaway scores
Omar Colunga to third
Chris Olheiser to second
Batting: LHB Chang Huie 0-0: Ball
1-0: Swinging Strike
1-1: Ball
2-1: Ground out 3-1 (Groundball, 13, EV 81.9 MPH)
Omar Colunga scores
Chris Olheiser to third
Ivan Davila to second
Batting: RHB Tze-meng Li 0-0: Called Strike
0-1: Ball
Wild Pitch!
Chris Olheiser scores
Ivan Davila to third
1-1: DOUBLE (Groundball, 5L, EV 101.9 MPH)
Ivan Davila scores
Pitching: RHP Tim Tucker
Batting: RHB John Vasquez 0-0: Called Strike
0-1: Foul Ball, location: 2F
0-2: Strikes out looking
Pinch Hitting: RHB Chris Van Niel 0-0: Ball
1-0: Called Strike
1-1: Called Strike
1-2: Ball
2-2: Strikes out swinging
Top of the 7th over - 7 runs, 6 hits, 1 error, 1 left on base; Seattle (APP) 8 - Burlington 0
BOTTOM OF THE 7TH
Burlington Royals batting - Pitching for Seattle (APP) Mariners : LHP Mitch Lewis
Now at SS: Chris Van Niel
Batting: RHB Rob Ward 0-0: Ball
1-0: Foul Ball, location: 2F
1-1: Foul Ball, location: 2F
1-2: Strikes out swinging
Batting: SHB Marcos Cortez 0-0: Called Strike
0-1: SINGLE (Flyball, 8LS, EV 88.1 MPH)
Batting: RHB Shane Bruce 0-0: Called Strike
0-1: Called Strike
0-2: Foul Ball, location: 2F
0-2: Ball
1-2: Strikes out swinging
Batting: RHB Matthew Orphan 0-0: Called Strike
0-1: Foul Ball, location: 2F
0-2: Foul Ball, location: 2F
0-2: Strikes out looking
Bottom of the 7th over - 0 runs, 1 hit, 0 errors, 1 left on base; Seattle (APP) 8 - Burlington 0
TOP OF THE 8TH
Seattle (APP) Mariners batting - Pitching for Burlington Royals : RHP Tim Tucker
Batting: SHB Tony Morales 0-0: Ball
1-0: SINGLE (Groundball, 5S, EV 72.5 MPH) (infield hit)
Batting: RHB Mike Conaway 0-0: Foul Ball, location: 2F
0-1: Foul Ball, location: 2F
0-2: DOUBLE (Line Drive, 7LM, EV 103.1 MPH)
Tony Morales to third
Batting: LHB Omar Colunga 0-0: Called Strike
0-1: 3-RUN HOME RUN (Flyball, 89XD, EV 108.8 MPH), Distance : 404 ft
Batting: RHB Chris Olheiser 0-0: Foul Ball, location: 2F
0-1: Foul Ball, location: 2F
0-2: DOUBLE (Flyball, 7LD, EV 114.4 MPH)
Batting: RHB Ivan Davila 0-0: Called Strike
0-1: Ball
1-1: Swinging Strike
1-2: Strikes out swinging
Batting: LHB Chang Huie 0-0: Ball
1-0: Foul Ball, location: 2F
1-1: Ball
2-1: Foul Ball, location: 2F
2-2: Strikes out swinging
Batting: RHB Tze-meng Li 0-0: Called Strike
0-1: Fly out, F8 (Flyball, 8LS, EV 86.2 MPH)
Top of the 8th over - 3 runs, 4 hits, 0 errors, 1 left on base; Seattle (APP) 11 - Burlington 0
BOTTOM OF THE 8TH
Burlington Royals batting - Pitching for Seattle (APP) Mariners : LHP Mitch Lewis
Batting: RHB Tim Persson 0-0: Ball
1-0: Ball
2-0: Called Strike
2-1: Ball
3-1: Foul Ball, location: 2F
3-2: Strikes out swinging
Pitching: LHP Ed Gilroy
Batting: LHB Ernesto Abreu 0-0: Ball
1-0: Called Strike
1-1: Foul Ball, location: 2F
1-2: Strikes out swinging
Batting: SHB Manny Berrones 0-0: Called Strike
0-1: Swinging Strike
0-2: Ball
1-2: Ball
2-2: Strikes out looking
Bottom of the 8th over - 0 runs, 0 hits, 0 errors, 0 left on base; Seattle (APP) 11 - Burlington 0
TOP OF THE 9TH
Seattle (APP) Mariners batting - Pitching for Burlington Royals : RHP Tim Tucker
Batting: RHB John Vasquez 0-0: Swinging Strike
0-1: Ball
1-1: Ball
2-1: Swinging Strike
2-2: Ball
3-2: Fly out, F4 (Popup, 34S, EV 76.2 MPH)
Batting: RHB Chris Van Niel 0-0: TRIPLE (Line Drive, 8RD, EV 91.2 MPH)
Batting: SHB Tony Morales 0-0: Ball
1-0: Called Strike
1-1: Called Strike
1-2: Ball
2-2: Ball
3-2: DOUBLE (Line Drive, 7LS, EV 101.9 MPH)
Chris Van Niel scores
Batting: RHB Mike Conaway 0-0: Foul Ball, location: 2F
0-1: DOUBLE (Line Drive, 78M, EV 90.6 MPH)
Tony Morales scores
Batting: LHB Omar Colunga 0-0: Fly out, F7 (Flyball, 78M, EV 86.9 MPH)
Batting: RHB Chris Olheiser 0-0: Ball
1-0: Ball
2-0: Ball
3-0: Called Strike
3-1: Foul Ball, location: 2F
3-2: Base on Balls
Batting: RHB Ivan Davila 0-0: Ball
1-0: SINGLE (Groundball, 34, EV 95.6 MPH)
Mike Conaway to third
Chris Olheiser to second
Runner from 3rd tries for Home, throw by RF and OUT! 9-2
Top of the 9th over - 2 runs, 4 hits, 0 errors, 2 left on base; Seattle (APP) 13 - Burlington 0
BOTTOM OF THE 9TH
Burlington Royals batting - Pitching for Seattle (APP) Mariners : LHP Ed Gilroy
Batting: SHB Danny Ballenger 0-0: Called Strike
0-1: Fly out, F9 (Flyball, 89M, EV 84.4 MPH)
Batting: LHB Bobby Gonzalez 0-0: Ball
1-0: Ball
2-0: Ball
3-0: Called Strike
3-1: Ground out 1-3 (Groundball, 23, EV 68.8 MPH)
Batting: RHB Rob Ward 0-0: Called Strike
0-1: Swinging Strike
0-2: Ball
1-2: Strikes out looking
Bottom of the 9th over - 0 runs, 0 hits, 0 errors, 0 left on base; Seattle (APP) 13 - Burlington 0
Thursday, March 31st , 2022 - OOTP Baseball 22.12 Build 89